 Dungeon Crawl Stone Soup version 0.30-a0-591-g3c58d2bc28 (webtiles) character file.

Game seed: 8083960885570375055

9928 sokol815 the Cleaver (level 11, -2/67 HPs)
             Began as an Octopode Fighter on Jan 6, 2023.
             Was an Initiate of Gozag.
             Slain by a centaur warrior
             ... wielding a staff of cold
              (3 damage)
             ... on level 11 of the Dungeon.
             The game lasted 00:23:54 (12032 turns).

sokol815 the Cleaver (Octopode Fighter)            Turns: 12032, Time: 00:23:55

Health: -2/67      AC:  5    Str: 16    XL:     11   Next: 54%
Magic:  29/29      EV: 22    Int: 14    God:    Gozag
Gold:   992        SH: 14    Dex: 12    Spells: 1/10 levels left

rFire   + + .      SeeInvis .    a - +9 broad axe (venom)
rCold   + + +      Faith    .    N - +2 shield of Resistance {rF++ rC++ Will++}
rNeg    . . .      Spirit   .    (helmet restricted)
rPois   +          Reflect  .    S - amulet of the acrobat
rElec   .          Harm     .    X - ring of resist corrosion
rCorr   +          Rampage  .    A - +4 ring of protection
Will    ++...                    P - ring of poison resistance {rPois, !d}
Stlth   ++                       d - ring of protection from cold {rC+, !d}
HPRegen 0.31/turn                g - ring of magical power {MP+9}
MPRegen 0.21/turn                r - ring of magical power {MP+9}
                                 E - +5 ring of evasion
                                 W - +5 ring of evasion

@: gold aura, studying Shields
A: almost no armour, amphibious, 8 rings, camouflage 1, gelatinous body 1,
(nimble swimmer 1), tentacles
a: Renounce Religion, Potion Petition, Call Merchant, Bribe Branch


You were on level 11 of the Dungeon.
You worshipped Gozag.
Gozag was pleased with you.
You visited 2 branches of the dungeon, and saw 12 of its levels.
You also visited: Bailey.

You collected 1900 gold pieces.
You spent 846 gold pieces at shops.
You paid 62 gold pieces to Gozag.

Inventory:

Hand Weapons
 a - a +9 broad axe of venom (weapon)
   (You acquired it on level 8 of the Dungeon)
 f - the +8 spear "Weasmoy" {flame, Dex+6}
   (You found it on level 8 of the Dungeon)

   Dex:       It affects your dexterity (+6).
 h - a +2 whip of venom
   (You took it off a kobold on level 1 of the Dungeon)
 m - the +9 falchion of Grace {heavy, rElec rF- MP-9 Str+5}
   (You found it on level 5 of the Dungeon)

   Str:       It affects your strength (+5).
   rF:        It makes you vulnerable to fire.
   rElec:     It insulates you from electricity.
   MP:        It affects your magic capacity (-9).
 n - a +2 quarterstaff of holy wrath
   (You found it on level 6 of the Dungeon)
 u - a +2 flail of draining
   (You took it off Edmund on level 4 of the Dungeon)
 w - a +1 war axe
 z - a +2 flail of protection
   (You found it on level 7 of the Dungeon)
 G - a +2 heavy mace
   (You found it in a bailey)
 I - a +0 broad axe
   (You took it off an orc warrior in a bailey)
 K - a +0 broad axe
   (You took it off an orc warrior in a bailey)
Missiles
 o - 39 poisoned darts
 s - 88 stones
 x - 2 boomerangs of dispersal {=f}
 B - 3 boomerangs
Armour
 b - a +1 buckler
 N - the +2 shield of Resistance (worn) {rF++ rC++ Will++}
   (You bought it in a shop on level 7 of the Dungeon)

   rF:        It greatly protects you from fire.
   rC:        It greatly protects you from cold.
   Will:      It greatly increases your willpower.
Magical Staves
 i - a staff of cold {rC+}
   (You found it on level 1 of the Dungeon)
 T - a staff of air {rElec}
   (You found it on level 10 of the Dungeon)
Jewellery
 c - a ring of ice {rC+, rF-}
   (You found it on level 7 of the Dungeon)
 d - a ring of protection from cold (on tentacle) {rC+, !d}
   (You found it on level 4 of the Dungeon)
 g - a ring of magical power (on tentacle) {MP+9}
   (You found it on level 6 of the Dungeon)
 r - a ring of magical power (on tentacle) {MP+9}
   (You found it on level 6 of the Dungeon)
 A - a +4 ring of protection (right tentacle)
   (You found it on level 1 of the Dungeon)
 C - a ring of protection from cold {rC+, !d}
   (You found it on level 2 of the Dungeon)
 E - a +5 ring of evasion (on tentacle)
   (You found it on level 10 of the Dungeon)
 P - a ring of poison resistance (on tentacle) {rPois, !d}
   (You found it on level 11 of the Dungeon)
 S - an amulet of the acrobat (around mantle)
   (You found it on level 10 of the Dungeon)
 W - a +5 ring of evasion (on tentacle)
   (You found it on level 10 of the Dungeon)
 X - a ring of resist corrosion (left tentacle)
   (You found it on level 1 of the Dungeon)
Wands
 j - a wand of polymorph (13)
   (You found it on level 2 of the Dungeon)
 p - a wand of paralysis (18)
   (You found it on level 3 of the Dungeon)
 q - a wand of flame (26)
   (You found it on level 8 of the Dungeon)
 y - a wand of mindburst (15)
   (You found it on level 8 of the Dungeon)
 R - a wand of quicksilver (4)
   (You found it on level 10 of the Dungeon)
Scrolls
 Q - 2 scrolls of enchant weapon
 V - a scroll of vulnerability {!r!r}
 Y - 4 scrolls of teleportation {@r3}
Potions
 e - 3 potions of attraction {!q}
 k - 3 potions of resistance {unknown}
 t - a potion of magic {unknown}
 v - a potion of heal wounds {unknown}
 D - a potion of ambrosia {unknown}
 F - 2 potions of brilliance {unknown}
 H - 2 potions of haste
 J - 4 potions of curing {@q1}
 L - a potion of flight
 M - 3 potions of might
 O - a potion of invisibility {unknown}
 U - a potion of mutation {!q}
 Z - 5 potions of lignification {!q}
Miscellaneous
 l - a condenser vane
   (You found it on level 9 of the Dungeon)


   Skills:
 - Level 3.0 Fighting
 + Level 14.6 Axes
 - Level 3.0 Dodging
 * Level 12.7 Shields
 + Level 3.3 Conjurations
 + Level 3.2 Hexes


You had one spell level left.
You knew the following spells:

 Your Spells              Type           Power      Damage    Failure   Level
a - Starburst             Conj/Fire      2%         6d3       100%        6
b - Dazzling Flash        Conj/Hex       18%        N/A       41%         3

Your spell library contained the following spells:

 Spells                   Type           Power      Damage    Failure   Level
 Summon Small Mammal      Summ           0%         N/A       50%         1
 Inner Flame              Hex/Fire       4%         N/A       65%         3
 Summon Guardian Golem    Hex/Summ       4%         N/A       65%         3
 Cause Fear               Hex            4%         N/A       82%         4
 Call Canine Familiar     Summ           0%         N/A       86%         3
 Iskenderun's Mystic Bla  Conj/Tloc      4%         2d3       96%         4
 Discord                  Hex            4%         N/A       100%        8


Dungeon Overview and Level Annotations

Branches:
Dungeon (11/15) Zot: 26661  Temple (1/1) D:4 Zot: 5817    Lair (0/5) D:10
    Orc (0/2) D:10         Bailey (visited)

Altars:
Ashenzari
Cheibriados
Dithmenos
Elyvilon
Fedhas
Gozag
Hepliaklqana
Kikubaaqudgha
Makhleb
Nemelex Xobeh
Okawaru
Qazlal
Ru
Sif Muna
Trog
Uskayaw
Vehumet
Wu Jian
Xom
Yredelemnul
Zin
The Shining One

Shops:
D:7 [

Annotations:
D:3 1 runed translucent door, Crazy Yiuf
D:8 1 runed translucent door, Gastronok; Shayle's ghost, novice DsRe
D:9 1 runed translucent door, Twinkles's ghost, novice HOFi


Innate Abilities, Weirdness & Mutations

You cannot wear most types of armour.
You are amphibious.
You can wear up to eight rings at the same time.
Your skin changes colour to match your surroundings (Stealth+).
Your rubbery body absorbs attacks. (AC +1, EV +1)
((You are camouflaged when in or above water. (Stealth+)))
You have tentacles for arms and can constrict up to eight enemies at once.


Message History

You take 2 damage, and have 45/67 hp.
You slash the wraith!
You destroy the wraith!
You hit the centaur warrior.
The centaur warrior is poisoned.
You block the centaur warrior's attack.
The centaur warrior kicks you but does no damage.
The killer bee completely misses you.
You slice the centaur warrior!!
The centaur warrior looks as sick as possible!
Your squeeze misses the centaur warrior.
You barely miss the killer bee. The killer bee completely misses you.
You block the centaur warrior's attack.
The centaur warrior kicks you but does no damage.
You block the killer bee's attack.
The centaur warrior completely misses you. x2
You hit the centaur warrior.
The centaur warrior looks as sick as possible!
You squeeze the centaur warrior, but do no damage.
You miss the killer bee. The killer bee misses you.
The centaur warrior hits you. The centaur warrior kicks you.
The centaur is distracted by your dazzling golden aura.
The killer bee is distracted by your dazzling golden aura.
You take 5 damage, and have 41/67 hp.
The killer bee buzzes angrily.
The centaur shouts!
You slash the centaur warrior!
The centaur warrior looks as sick as possible!
You closely miss the killer bee.
The killer bee is no longer distracted by gold.
You hear a shout!
The killer bee is distracted by your dazzling golden aura.
The centaur warrior hits you. The centaur warrior closely misses you.
The centaur warrior completely misses you.
You block the centaur warrior's attack.
The killer bee buzzes angrily.
You hear a shout! x2
You take 6 damage, and have 35/67 hp.
You are too injured to fight recklessly!
You are too injured to fight recklessly!
You are too injured to fight recklessly!
You are too injured to fight recklessly!
You slash the centaur warrior!
The centaur warrior looks as sick as possible!
You miss the killer bee.
The killer bee is no longer distracted by gold.
The killer bee stings you.
The centaur warrior is distracted by your dazzling golden aura.
You block the killer bee's attack.
The centaur warrior shouts!
You take 2 damage, and have 33/67 hp.
You slash the centaur warrior!
You kill the centaur warrior!
You closely miss the killer bee. The killer bee closely misses you.
You block the killer bee's attack.
You slice the killer bee!!
You kill the killer bee!
The centaur is no longer distracted by gold.
The centaur wields a +0 shortbow.
The centaur shoots an arrow.
The arrow hits you.
The centaur shoots an arrow.
You block the arrow.
You take 5 damage, and have 29/67 hp.
A centaur warrior and an orc wizard come into view.
The centaur warrior is wielding a staff of cold.
The centaur warrior shouts!
You hear a shout!
You hear an angry buzzing noise.
The centaur unwields a +0 shortbow.
The centaur misses you. x2
Things that are here:
12 gold pieces; a ring of willpower You slash the centaur!
The centaur is poisoned.
You block the centaur's attack. x2
The orc wizard gestures at you while chanting.
You resist with almost no effort. The centaur attacks as you move away!
You block the centaur's attack. The centaur completely misses you.
The centaur wields a +0 shortbow.
The centaur shoots an arrow.
The arrow completely misses you.
There is an open door, spattered with blood here.
The centaur shoots an arrow.
The arrow completely misses you.
There is an open door, spattered with blood here.
You hit the centaur warrior.
You block the centaur warrior's attack. x2
You closely miss the centaur warrior.
Your squeeze misses the centaur warrior.
You hit the centaur. The centaur warrior misses you. x2
The centaur unwields a +0 shortbow.
The centaur misses you. You block the centaur's attack.
The centaur warrior hits you with a staff of cold!
* * * LOW HITPOINT WARNING * * *
The centaur warrior kicks you but does no damage.
You take 12 damage, and have 19/67 hp.
You slash the centaur warrior! You barely miss the centaur.
The centaur barely misses you. You block the centaur's attack.
You block the centaur warrior's attack. x2; The centaur closely misses you.
The centaur misses you.
You slash the centaur warrior!
Your squeeze misses the centaur warrior.
You hit the centaur.
The centaur looks as sick as possible!
You kill the centaur!
The centaur warrior hits you with a staff of cold!!
* * * LOW HITPOINT WARNING * * *
The centaur warrior freezes you.
* * * LOW HITPOINT WARNING * * *
The centaur warrior kicks you but does no damage.
A boulder beetle comes into view.
The centaur warrior hits you with a staff of cold.
You die...
Your body crumbles into a pile of gold.

.......##.######.######
.).....##.#...........#
######.##.'#####[#####+
#.##.#...).......#
#.##.######.######
#.##.##)........#
#..#####[##### ##.
#.....# # ###@### #!oc#
##.$B.# +.[..#c..
#.#.?. #.# #...#.# #
###+###


You could see a boulder beetle, a centaur warrior and an orc wizard.

Vanquished Creatures
  A rakshasa (D:11)
  A centaur warrior (D:11)
  A boulder beetle (D:11)
  A manticore (D:11)
  2 orc sorcerers (Bailey)
  A troll (D:10)
  Grinder (D:5)
  A centaur simulacrum (D:11)
  2 wraiths
  Sigmund (D:5)
  A wyvern (D:11)
  A shadow (D:10)
  4 yaks (D:9)
  A vampire mosquito (D:11)
  A steam dragon (D:7)
  Edmund (D:4)
  2 water moccasins
  17 orc warriors
  A sky beast (D:6)
  Pargi (D:4)
  An ice beast (D:5)
  5 centaurs
  2 kobold brigands
  A necrophage (D:6)
  2 bullfrogs
  A scorpion (D:4)
  9 wights
  A killer bee (D:11)
  2 troll zombies (D:10)
  2 howler monkeys (D:7)
  4 electric eels (Bailey)
  A hound (D:5)
  6 jellies
  A gnoll bouda (D:10)
  3 orc priests
  7 orc wizards
  6 iguanas
  6 ogre zombies (D:10)
  Robin (D:2)
  9 gnolls
  5 adders
  3 shadow imps
  A white imp (D:7)
  2 dart slugs
  33 orcs
  6 ball pythons
  2 bats
  8 endoplasms
  23 goblins
  13 hobgoblins
  4 jackals (D:3)
  2 quokkas
  6 frilled lizards
  2 goblin skeletons (D:10)
  2 goblin zombies (D:10)
  A hobgoblin skeleton (D:10)
  2 hobgoblin zombies (D:10)
  12 kobolds
  4 orc skeletons (D:10)
  14 orc zombies (D:10)
  2 rats (D:1)
259 creatures vanquished.

Vanquished Creatures (others)
  3 plants (D:10)
3 creatures vanquished.

Grand Total: 262 creatures vanquished

Notes
Turn   | Place    | Note
-------+----------+-------------------------------------------
     0 | D:1      | sokol815 the Octopode Fighter began the quest for the Orb.
     0 | D:1      | Reached XP level 1. HP: 16/16 MP: 1/1
   117 | D:1      | Reached XP level 2. HP: 7/21 MP: 2/2
   118 | D:1      | HP: 5/21 [poisoned by a kobold]
   255 | D:1      | Reached skill level 3 in Axes
   684 | D:1      | Reached XP level 3. HP: 26/26 MP: 3/3
   965 | D:2      | Noticed Robin
  1103 | D:2      | Reached skill level 4 in Axes
  1105 | D:2      | Killed Robin
  1106 | D:2      | Reached XP level 4. HP: 25/31 MP: 4/4
  1336 | D:2      | Found a faded altar of an unknown god.
  1671 | D:3      | Found a runed translucent door.
  1672 | D:3      | Noticed Crazy Yiuf
  2129 | D:3      | Reached skill level 5 in Axes
  2130 | D:3      | Reached XP level 5. HP: 26/36 MP: 5/5
  2616 | D:4      | Noticed Edmund
  2633 | D:4      | Killed Edmund
  2634 | D:4      | Reached skill level 6 in Axes
  2634 | D:4      | Reached XP level 6. HP: 31/42 MP: 6/6
  2742 | D:4      | Noticed Pargi
  2751 | D:4      | Killed Pargi
  2833 | D:4      | Found a staircase to the Ecumenical Temple.
  2851 | Temple   | Entered the Ecumenical Temple
  3003 | Temple   | Became a worshipper of Gozag Ym Sagoz the Greedy
  3049 | D:4      | Reached skill level 7 in Axes
  3161 | D:4      | Reached XP level 7. HP: 31/46 MP: 7/7
  3335 | D:4      | Found a glowing silver altar of Zin.
  3608 | D:5      | Entered Level 5 of the Dungeon
  3610 | D:5      | Found a blossoming altar of Fedhas.
  3688 | D:5      | Reached skill level 8 in Axes
  3765 | D:5      | Noticed Sigmund
  3782 | D:5      | Killed Sigmund
  3917 | D:5      | Identified the +9 falchion of Grace {heavy, rElec rF- MP-9
                  | Str+5}
  3925 | D:5      | Reached skill level 9 in Axes
  3925 | D:5      | Reached XP level 8. HP: 31/52 MP: 8/8
  4239 | D:5      | Found a stormy altar of Qazlal.
  4243 | D:5      | Found an iron altar of Okawaru.
  4340 | D:5      | Noticed Grinder
  4446 | D:5      | Killed Grinder
  4447 | D:5      | Reached skill level 10 in Axes
  4557 | D:6      | Found a sparkling altar of Nemelex Xobeh.
  4577 | D:5      | HP: 12/52 [bullfrog (4)]
  4764 | D:6      | Found a shimmering altar of Xom.
  5093 | D:6      | Reached skill level 11 in Axes
  5213 | D:6      | Reached XP level 9. HP: 43/56 MP: 9/9
  5574 | D:7      | Reached skill level 12 in Axes
  5777 | D:7      | Found Jicuuhuo's Armour Emporium.
  7018 | D:8      | Identified a scroll of acquirement
  7018 | D:8      | Acquired a +5 broad axe of venom
  7042 | D:8      | Identified the +8 spear "Weasmoy" {flame, Dex+6}
  7057 | D:8      | Noticed Gastronok
  7160 | D:8      | Found a runed translucent door.
  7161 | D:8      | Found a shimmering altar of Xom.
  7161 | D:8      | Noticed Shayle's ghost (novice DsRe)
  7161 | D:8      | Noticed a +0 hand axe of chaos
  7447 | D:8      | Found a flagged portal.
  7462 | Bailey   | Entered a bailey
  7505 | Bailey   | Reached skill level 13 in Axes
  7565 | Bailey   | Acquired a manual of Shields
  7662 | Bailey   | Reached skill level 4 in Shields
  7706 | Bailey   | Reached XP level 10. HP: 55/63 MP: 10/10
  7710 | Bailey   | Reached skill level 5 in Shields
  7765 | Bailey   | Reached skill level 6 in Shields
  7832 | Bailey   | Noticed an orc sorcerer
  7834 | Bailey   | Noticed a rust devil
  7840 | Bailey   | HP: 11/63 [orc sorcerer/+0 war axe (11)]
  7842 | Bailey   | Killed an orc sorcerer
  7843 | Bailey   | Reached skill level 7 in Shields
  8095 | Bailey   | Found an iron altar of Okawaru.
  8095 | Bailey   | Noticed an orc sorcerer
  8106 | Bailey   | Killed an orc sorcerer
  8107 | Bailey   | Reached skill level 8 in Shields
  8782 | D:8      | Reached skill level 14 in Axes
  9072 | D:9      | Found a runed translucent door.
  9082 | D:9      | Reached skill level 9 in Shields
  9259 | D:7      | Bought the +2 shield of Resistance {rF++ rC++ Will++} for
                  | 846 gold pieces
  9259 | D:7      | Found the +2 shield of Resistance {rF++ rC++ Will++}
  9319 | D:9      | Found a bloodstained altar of Trog.
  9387 | D:9      | Reached skill level 10 in Shields
  9483 | D:9      | Noticed a +0 falchion
  9484 | D:9      | Noticed a +0 short sword
  9484 | D:9      | Noticed a +0 short sword
  9485 | D:9      | Noticed a +0 spear
  9926 | D:9      | Noticed a +0 spear
  9926 | D:9      | Noticed a +0 dagger
  9926 | D:9      | Noticed a +0 dagger
  9953 | D:9      | Found a basalt altar of Yredelemnul.
  9966 | D:9      | Noticed a +0 falchion
  9969 | D:9      | Found a hide-covered altar of Uskayaw.
 10200 | D:9      | Found a shimmering altar of Xom.
 10200 | D:9      | Noticed a +1 long sword of chaos
 10200 | D:9      | Noticed Twinkles's ghost (novice HOFi)
 10219 | D:10     | Entered Level 10 of the Dungeon
 10279 | D:10     | Found a staircase to the Orcish Mines.
 10498 | D:10     | Learned a level 6 spell: Starburst
 10502 | D:10     | Learned a level 3 spell: Dazzling Flash
 10775 | D:10     | Found a staircase to the Lair.
 10826 | D:10     | Reached skill level 11 in Shields
 10826 | D:10     | Reached skill level 1 in Conjurations
 10888 | D:10     | Reached skill level 1 in Hexes
 10891 | D:10     | Reached XP level 11. HP: 67/67 MP: 11/11
 11735 | D:11     | Noticed a manticore
 11740 | D:11     | Killed a manticore
 11741 | D:11     | Reached skill level 2 in Conjurations
 11741 | D:11     | Reached skill level 2 in Hexes
 11809 | D:11     | Noticed a boulder beetle
 11810 | D:11     | Noticed a rakshasa
 11823 | D:11     | Killed a boulder beetle
 11824 | D:11     | Reached skill level 12 in Shields
 11829 | D:11     | Killed a rakshasa
 12006 | D:11     | Noticed a centaur warrior
 12017 | D:11     | Reached skill level 3 in Conjurations
 12017 | D:11     | Reached skill level 3 in Hexes
 12022 | D:11     | Killed a centaur warrior
 12024 | D:11     | Noticed a centaur warrior
 12032 | D:11     | HP: 2/67 [centaur warrior/staff of cold (18)]
 12032 | D:11     | Noticed a boulder beetle
 12032 | D:11     | Slain by a centaur warrior

Illustrated notes

Levels and vault maps discovered:
D:1:      lemuel_arrival_behind_the_door_small, layout_basic
D:2:      layout_loops_ring, ebering_ecumenical_altar_box, uniq_robin
D:3:      layout_basic, chequers_serial_rivers_room_a,
          kennysheep_cross_bottleneck, uniq_crazy_yiuf_cottage
D:4:      layout_loops_cross, zin_scriptorium, minmay_temple_entry_offerings,
          uniq_edmund, uniq_pargi
D:5:      layout_basic, fedhas_altar_2, grunt_temple_overflow_open,
          uniq_grinder, uniq_sigmund
D:6:      layout_gridville, brannock_xom_greatest_gift,
          nemelex_xobeh_ov_fountains_minmay, hangedman_decor_slide_cut
D:7:      layout_layer_cave, serial_shops, nicolae_stop_n_shop_2,
          dreamdust_wishing_well
D:8:      layout_basic, enter_bailey_7, ebering_ghost_xom,
          chequers_hall_statues_wall_a, uniq_gastronok
D:9:      layout_basic, mainiacjoe_overflow_tiny_flanked,
          nicolae_uskayaw_en_pointe, mainiacjoe_overflow_boulevard,
          ebering_ghost_xom
D:10:     layout_grid_maze, dpeg_oklobed_lair, zombieorc2_lemuel
D:11:     minmay_the_grid_octo_tiled_octocenter [minmay_the_grid_octo_toaster,
          minmay_the_grid_octo_teeth, minmay_the_grid_octo_fan_narrow,
          minmay_the_grid_octo_77, minmay_the_grid_octo_prize_square_snowflake,
          minmay_the_grid_square_5x5_broken_cross,
          minmay_the_grid_square_5x5_mess, minmay_the_grid_square_5x5_longway,
          minmay_the_grid_square_5x5_inset], layout_basic,
          nicolae_elevator_lobby_asterisk, uniq_lodul
Temple:   oiseaux_autumnal_temple

Skill      XL: |  1  2  3  4  5  6  7  8  9 10 11 |
---------------+----------------------------------+-----
Axes           | 3 4 5 6 7 9 11 13 14 | 14.6
Shields        | 4 11 12 | 12.7
Conjurations   | 1 3 |  3.3
Hexes          | 1 3 |  3.2
Fighting       | |  3.0
Dodging        | |  3.0

Action                   |  1- 3 |  4- 6 |  7- 9 | 10-12 || total
-------------------------+-------+-------+-------+-------++-------
Melee: War axe           |     9 |       |       |       ||     9
       Constrict         |    20 |    23 |    44 |    33 ||   120
       Punch             |     2 |       |     2 |     3 ||     7
       Whip              |    44 |   100 |   170 |       ||   314
       Tentacles         |     3 |    14 |    67 |    50 ||   134
       Broad axe         |       |       |    41 |   222 ||   263
       Flail             |       |       |    30 |       ||    30
Throw: Stone             |    10 |     4 |       |       ||    14
       Boomerang         |       |     1 |       |       ||     1
Evoke: Wand              |       |       |     3 |     5 ||     8
  Use: Scroll            |       |     9 |     7 |     6 ||    22
       Potion            |       |     2 |       |     1 ||     3
 Stab: Sleeping          |     5 |     1 |     5 |     3 ||    14
       Distracted        |       |       |     2 |     2 ||     4
       Paralysed         |       |       |     3 |       ||     3
Armor: Skin              |     5 |    26 |    52 |    20 ||   103
Dodge: Dodged            |    23 |    46 |   112 |    97 ||   278
Block: Buckler           |     9 |    11 |    29 |     5 ||    54
       Kite shield       |       |       |       |    99 ||    99

Table legend: (Time is in decaauts)
 A = Elapsed time spent in this place.
 B = Non-inter-level travel time spent in this place.
 C = Inter-level travel time spent in this place.
 D = Time resting spent in this place.
 E = Time spent auto-exploring this place.
 F = Levels seen in this place.
 G = Mean time per level.
                   A        B        C        D        E       F      G
               +--------+--------+--------+--------+--------+-----+--------+
         Total |  11969 |  11304 |    665 |   1400 |   7807 |  13 |  920.7 |
       Dungeon |  10791 |  10164 |    627 |    999 |   7377 |  11 |  981.0 |
        Temple |    182 |    144 |     38 |      0 |    131 |   1 |  182.0 |
        Bailey |    995 |    995 |      0 |    401 |    299 |   1 |  995.0 |
               +--------+--------+--------+--------+--------+-----+--------+

Top non-repeatable levels by time:
     D:7: 1576 daAuts
     D:9: 1332 daAuts
    D:10: 1227 daAuts
     D:5: 1207 daAuts
     D:8: 1089 daAuts
  Bailey: 995 daAuts
     D:3: 958 daAuts
     D:1: 956 daAuts
     D:4: 876 daAuts
     D:2: 692 daAuts
     D:6: 537 daAuts
    D:11: 337 daAuts
  Temple: 182 daAuts

Table legend:
 A = Kills in this place as a percentage of kills in entire the game.
 B = Kills by you in this place as a percentage of kills by you in the entire game.
 C = Kills by friends in this place as a percentage of kills by friends in the entire game.
 D = Other kills in this place as a percentage of other kills in the entire game.
 E = Experience gained in this place as a percentage of experience gained in the entire game.
 F = Experience gained in this place divided by the number of levels of this place that you have seen.
                   A       B       C       D       E      F
               +-------+-------+-------+-------+-------+----------------------
         Total | 100.0 | 100.0 |   N/A |   N/A | 100.0 | 1099.5
       Dungeon |  85.3 |  85.3 |   N/A |   N/A |  78.8 | 1024.5
        Bailey |  14.7 |  14.7 |   N/A |   N/A |  21.2 | 3023.0
               +-------+-------+-------+-------+-------+----------------------
